 Dungeon Crawl Stone Soup version 0.31-a0-986-g5e6e4ef867 (webtiles) character file.

Game seed: 6588123259581815990

1268 bmb222 the Ruffian (level 8, -2/108 HPs)
             Began as a Troll Shapeshifter on Nov 23, 2023.
             Slain by a wyvern (14 damage)
             ... on level 5 of the Dungeon.
             The game lasted 00:04:38 (3682 turns).

bmb222 the Ruffian (Troll Shapeshifter)             Turns: 3682, Time: 00:04:38

Health: -2/108     AC:  4    Str: 25    XL:     8   Next: 28%
Magic:  7/7        EV: 10    Int:  6    God:
Gold:   317        SH:  0    Dex:  9    Spells: 7/7 levels left

rFire   + .          .
                       - Unarmed
rCold   + . .        (no shield)
rNeg    . . .        a - +0 animal skin
rPois   .            (helmet currently unavailable)
rElec   .            (cloak currently unavailable)
rCorr   .            (gloves unavailable)
SInv    .            (boots unavailable)
Will    .....        (no amulet) Stlth
                     r - ring of protection from fire
HPRegen 1.18/turn    y - ring of protection from cold
MPRegen 0.10/turn

%: no passive effects
@: berserking, beast-form, studying Stealth, very quick
A: beast (slay +3), large, unfitting armour, claws 3, regeneration 1, shaggy fur
1, tough skin 1
a: Begin Untransformation


You were on level 5 of the Dungeon.
You were a hulking beast.
You visited 1 branch of the dungeon, and saw 5 of its levels.

You collected 317 gold pieces.

Inventory:

Hand Weapons
 t - the +8 trident of the Octopus King {venom, rElec rPois}
   (You took it off a goblin on level 4 of the Dungeon)

   rElec:     It insulates you from electricity.
   rPois:     It protects you from poison
Armour
 a - a +0 animal skin (worn)
 v - a +0 pair of boots
Jewellery
 r - a ring of protection from fire (left claw)
 x - an amulet of faith
 y - a ring of protection from cold (right claw)
Talismans
 c - a beast talisman (active)
 d - a flux talisman
Scrolls
 e - a scroll of teleportation {unknown}
 f - a scroll of noise {unknown}
 g - a scroll of fear {unknown}
 h - 2 scrolls of poison {unknown}
 i - a scroll of identify
 l - a scroll of immolation {unknown}
 q - a scroll of enchant armour {unknown}
 s - a scroll of revelation {unknown}
Potions
 b - 2 potions of lignification
 j - 2 potions of mutation {unknown}
 k - a potion of magic {unknown}
 n - a potion of ambrosia {unknown}
 p - a potion of haste {unknown}
 u - a potion of enlightenment {unknown}
 w - a potion of attraction {unknown}
 z - a potion of heal wounds {unknown}


   Skills:
 + Level 2.1 Fighting
 + Level 3.6 Dodging
 + Level 7.3 Unarmed Combat
 * Level 6.0 Shapeshifting


You had 7 spell levels left.
You didn't know any spells.
Your spell library was empty.

Dungeon Overview and Level Annotations

Branches:
Dungeon (5/15)
 Temple: D:4-7

Altars:
Elyvilon
Fedhas
Makhleb
Xom


Innate Abilities, Weirdness & Mutations

You are a hulking beast.
Your limbs bulge with bestial killing power. (Slay +3)
You are too large for most types of armour.
You have claws for hands.
Your natural rate of healing is unusually fast.
You are covered in fur. (AC +1)
You have tough skin. (AC +1)


Message History

You start waiting.
You recover from your berserk rage.
y - a ring of protection from cold
y - a ring of protection from cold (right claw)
Okay, then.
You pick up a manual of Stealth and begin studying.
An iguana comes into view.
The iguana hisses angrily.
You hear an angry hiss.
An iguana is nearby!
A wyvern comes into view.
The wyvern hisses angrily.
The iguana closely misses you.
A worm comes into view.
You closely miss the iguana. The iguana closely misses you.
You closely miss the iguana. The wyvern bites you. The iguana bites you.
You scratch the iguana but do no damage.
The wyvern bites you but does no damage.
The iguana bites you!
Unknown command.
The wyvern attacks as it pursues you! The wyvern bites you!
The wyvern barely misses you.
The wyvern hisses menacingly.
The wyvern attacks as it pursues you! The wyvern bites you!
The wyvern attacks as it pursues you! The wyvern bites you! x2
* * * LOW HITPOINT WARNING * * *
You barely miss the wyvern. Your claw misses the wyvern. The wyvern bites you!
* * * LOW HITPOINT WARNING * * *
You feel better. The wyvern barely misses you. The wyvern bites you!
* * * LOW HITPOINT WARNING * * *
You feel better. The wyvern barely misses you.
A red film seems to cover your vision as you go berserk!
You feel yourself moving faster!
You feel mighty! The wyvern bites you.
* * * LOW HITPOINT WARNING * * *
The wyvern bites you.
* * * LOW HITPOINT WARNING * * *
You barely miss the wyvern. You mangle the wyvern!!
The wyvern is severely wounded.
The wyvern bites you!
You die...

# #.# #.# #.# #.# #.#
#.# #.# #.# #h#
########## #l#
.........# #l#
########.# #w#
.#######.######...#
....................
########.######...#.#
########.# ##......
.....<...# ####.###


You could see a wyvern, a worm and an iguana.

Vanquished Creatures
  Grinder (D:3)
  A black bear (D:5)
  2 ogres (D:5)
  2 centaurs (D:5)
  A phantom (D:5)
  A scorpion (D:4)
  6 killer bees (D:5)
  3 hounds
  An iguana (D:4)
  7 adders
  4 dart slugs
  7 endoplasms
  3 giant cockroaches
  11 goblins
  5 hobgoblins
  10 jackals
  6 quokkas
  7 ball pythons
  4 bats
  A frilled lizard (D:3)
  4 kobolds
  5 rats
  A spectral goblin (D:2)
93 creatures vanquished.

Notes
Turn   | Place    | Note
-------+----------+-------------------------------------------
     0 | D:1      | bmb222 the Troll Shapeshifter began the quest for the Orb.
     0 | D:1      | Reached XP level 1. HP: 18/18 MP: 0/0
    67 | D:1      | Reached XP level 2. HP: 25/26 MP: 1/1
   141 | D:1      | You fall into a shaft and drop 1 floor!
   410 | D:1      | Reached XP level 3. HP: 30/32 MP: 2/2
  1038 | D:2      | Found a faded altar of an unknown god.
  1303 | D:2      | Reached XP level 4. HP: 40/40 MP: 3/3
  1396 | D:3      | Found a burning altar of Makhleb.
  1506 | D:3      | Noticed Grinder
  1519 | D:3      | Paralysed by Grinder for 5 turns
  1536 | D:3      | Killed Grinder
  1537 | D:3      | Reached skill level 1 in Fighting
  1537 | D:3      | Reached skill level 4 in Unarmed Combat
  1537 | D:3      | Reached XP level 5. HP: 36/48 MP: 4/4
  1537 | D:3      | Reached XP level 6. HP: 41/55 MP: 5/5
  1905 | D:3      | Reached skill level 5 in Unarmed Combat
  2827 | D:4      | Found a white marble altar of Elyvilon.
  2859 | D:5      | Entered Level 5 of the Dungeon
  2859 | D:5      | Found a blossoming altar of Fedhas.
  3011 | D:5      | Found a shimmering altar of Xom.
  3014 | D:5      | Reached skill level 5 in Shapeshifting
  3014 | D:5      | Reached XP level 7. HP: 55/63 MP: 6/6
  3101 | D:5      | Reached skill level 6 in Unarmed Combat
  3158 | D:5      | HP: 1/65 [killer bee (8)]
  3162 | D:5      | Reached XP level 8. HP: 6/72 MP: 7/7
  3559 | D:5      | Reached skill level 7 in Unarmed Combat
  3682 | D:5      | Slain by a wyvern

Illustrated notes

Levels and vault maps discovered:
D:1:      minmay_arrival_split_and_join, layout_basic, serial_bayou_pond_c
D:2:      layout_basic, dreamdust_ecumenical_altar_drowned_temple
D:3:      layout_basic, lightli_temple_of_fire, uniq_grinder
D:4:      layout_basic, nicolae_overflow_hidden_temple
D:5:      layout_loops_ring, fedhas_ov_isle_minmay,
          mainiacjoe_overflow_brackets, minmay_manual_mares

Skill      XL: |  1  2  3  4  5  6  7  8 |
---------------+-------------------------+-----
Shapeshifting  | 4 5 6 |  6.0
Dodging        | 2 3 |  3.6
Fighting       | 1 2 |  2.1
Unarmed Combat | 4 5 6 7 |  7.3

Action                     |  1- 3 |  4- 6 |  7- 9 || total
---------------------------+-------+-------+-------++-------
  Melee: Unarmed           |    83 |   103 |    44 ||   230
         Punch             |     1 |     2 |     1 ||     4
    Use: Potion            |       |       |     5 ||     5
         Scroll            |       |       |     1 ||     1
   Stab: Sleeping          |     1 |     1 |       ||     2
 Armour: Animal skin       |    51 |    61 |    42 ||   154
  Dodge: Dodged            |    41 |    45 |    35 ||   121
   Form: Beast             |       |     1 |       ||     1
         Flux              |       |     1 |       ||     1

Table legend: (Time is in decaauts)
 A = Elapsed time spent in this place.
 B = Non-inter-level travel time spent in this place.
 C = Inter-level travel time spent in this place.
 D = Time resting spent in this place.
 E = Time spent auto-exploring this place.
 F = Levels seen in this place.
 G = Mean time per level.
                   A        B        C        D        E       F      G
               +--------+--------+--------+--------+--------+-----+--------+
         Total |   3668 |   3564 |    104 |    411 |   2474 |   5 |  733.6 |
       Dungeon |   3668 |   3564 |    104 |    411 |   2474 |   5 |  733.6 |
               +--------+--------+--------+--------+--------+-----+--------+

Top non-repeatable levels by time:
     D:3: 789 daAuts
     D:5: 783 daAuts
     D:4: 762 daAuts
     D:2: 714 daAuts
     D:1: 618 daAuts
